Map: 로스트 앤 파운드 - 래더

Players

Solar

  • Race: Zerg Zerg
  • League: Platinum
  • Spawn Location: 7:00

Lambo - Winner!

  • Race: Zerg Zerg
  • League: Master
  • Spawn Location: 1:00

Event: HomeStory Cup XVIII

VOD

Have the link to the VOD?

Description

Time

  • Played on: Nov. 23, 2018, 4:23 p.m.
  • Length: 8:05

All games in this series

Show
View Real Time Build Order
Export as new Build Order

Solar Zerg 

Build Orders: Hatch First 

Get SALT Encoding   

  12  0:02  Drone  
  13  0:12  Overlord  
  13  0:17  Drone  
  14  0:31  Drone x2  
  16  0:47  Hatchery  
  15  0:51  Drone  
  15  0:55  Drone  
  17  0:58  Drone  
  18  1:06  Extractor  
  17  1:13  Spawning Pool  
  17  1:16  Drone  
  17  1:20  Drone  
  18  1:29  Drone  
  19  1:39  Drone  
  20  1:51  Overlord  
  20  2:00  Queen x2, Drone x2  
  26  2:08  Metabolic Boost  
  26  2:11  Drone x2  
  28  2:20  Drone  
  28  2:22  Drone  
  30  2:34  Hatchery  
  30  2:36  Drone  
  30  2:41  Drone  
  31  2:45  Baneling Nest  
  31  2:46  Drone, Zergling x2  
  32  2:54  Overlord  
  32  2:55  Drone  
  33  3:06  Drone x2  
  33  3:10  Zergling x2  
  33  3:12  Queen  
  38  3:13  Zergling x4  
  38  3:15  Drone x2  
  38  3:19  Overlord  
  42  3:22  Drone  
  42  3:24  Drone  
  44  3:28  Baneling  
  44  3:36  Evolution Chamber  
  43  3:41  Drone x2  
  43  3:43  Drone x3  
  43  3:45  Drone  
  43  3:47  Drone  
  43  3:48  Overlord  
  50  3:53  Extractor  
  50  3:54  Extractor, Roach Warren  
  50  3:55  Drone  
  47  3:58  Drone x2  
  47  4:00  Roach Warren  
  47  4:02  Zergling x2  
  50  4:08  Zergling x2  
  50  4:09  Overlord  
  51  4:14  Zergling x8  
  51  4:16  Overlord  
  55  4:18  Zergling x4  
  55  4:21  Overlord  
  55  4:23  Overlord  
  56  4:28  Baneling x2  
  56  4:41  Baneling  
  56  4:42  Roach x5  
  66  4:47  Roach x2  
  68  4:53  Roach  
  68  4:54  Roach x2  
  68  4:58  Roach  
  72  5:01  Roach x2  
  72  5:05  Zergling x4  
  78  5:08  Zergling x4  
  78  5:10  Zergling x2  
  80  5:15  Zergling x6  
  80  5:18  Zergling x2  
  80  5:20  Overlord  
  82  5:24  Baneling x2  
  82  5:25  Zergling x4  
  84  5:32  Ravager  
  84  5:33  Ravager x3  
  84  5:34  Zergling x4  
  90  5:36  Overlord  
  90  5:40  Baneling x5  
  90  5:41  Baneling  
  90  5:43  Zergling x4  
  90  5:47  Zergling x2  
  90  5:48  Zergling x2  
  94  5:53  Zergling x6  
  94  5:57  Roach  
  94  5:58  Zergling x2  
  90  6:05  Zerg Missile Weapons Level 1  
  90  6:06  Drone x2  
  90  6:07  Drone  
  90  6:08  Drone  
  90  6:10  Drone  
  90  6:11  Drone  
  95  6:13  Drone  
  95  6:15  Drone  
  95  6:17  Drone  
  85  6:18  Drone  
  85  6:25  Lair  
  73  6:27  Roach x2  
  73  6:32  Roach x2  
  73  6:40  Roach  
  73  6:41  Roach x2  
  73  6:43  Roach  
  73  6:46  Extractor, Roach x2  
  80  6:52  Drone x3  
  82  6:55  Roach x2  
  86  7:02  Roach x2  
  86  7:03  Roach x2  
  86  7:05  Zergling x4  
  86  7:08  Roach  
  98  7:09  Roach  
  98  7:11  Roach  
  98  7:13  Overlord  
  102  7:18  Roach x2  
  94  7:24  Roach x3  
  94  7:27  Roach  
  94  7:29  Roach  
  98  7:31  Roach  
  98  7:35  Roach, Zergling x2  
  98  7:36  Zergling x2  
  94  7:42  Roach  
Show
View Real Time Build Order
Export as new Build Order

Lambo Zerg - Winner!

Build Orders: Hatch First 

Get SALT Encoding   

  12  0:00  Drone  
  13  0:13  Overlord  
  13  0:17  Drone  
  14  0:32  Drone x2  
  16  0:48  Hatchery  
  15  0:51  Drone  
  15  0:54  Drone  
  17  1:01  Drone  
  18  1:08  Extractor  
  17  1:14  Spawning Pool  
  17  1:17  Drone  
  17  1:20  Drone  
  18  1:29  Drone  
  19  1:39  Drone  
  20  1:51  Drone  
  21  1:59  Drone  
  21  2:01  Queen x2, Overlord  
  26  2:08  Metabolic Boost  
  26  2:10  Drone  
  26  2:12  Drone  
  28  2:22  Drone  
  29  2:25  Drone  
  30  2:32  Hatchery  
  30  2:35  Zergling x2  
  30  2:37  Drone  
  31  2:46  Baneling Nest  
  31  2:47  Drone  
  31  2:48  Overlord  
  31  2:54  Drone  
  31  2:57  Zergling x2  
  33  3:06  Drone x2  
  33  3:08  Drone x2  
  33  3:09  Drone  
  33  3:10  Zergling x2  
  33  3:11  Zergling x2  
  40  3:13  Overlord  
  40  3:24  Queen, Drone x2  
  44  3:33  Drone  
  45  3:35  Drone, Evolution Chamber  
  45  3:42  Drone x2  
  45  3:44  Drone x2  
  45  3:46  Drone  
  45  3:47  Lair  
  49  3:49  Overlord  
  49  3:51  Drone x2  
  49  3:54  Baneling x2  
  49  3:55  Drone  
  52  3:56  Drone  
  52  3:58  Drone  
  52  4:02  Extractor  
  53  4:07  Roach Warren  
  53  4:08  Drone x2  
  54  4:11  Drone x2  
  54  4:15  Extractor, Drone x2  
  54  4:16  Extractor  
  56  4:18  Zerg Missile Weapons Level 1  
  56  4:20  Drone x2  
  56  4:23  Drone  
  59  4:25  Drone x2  
  59  4:29  Overlord  
  59  4:30  Drone  
  61  4:56  Roach x8  
  70  5:00  Overlord  
  70  5:01  Overlord  
  70  5:05  Roach x2, Zergling x2  
  70  5:22  Roach x3  
  76  5:29  Zergling x2  
  76  5:30  Zergling x8  
  76  5:33  Roach, Zergling x6  
  86  5:38  Roach x2  
  86  5:41  Overlord  
  90  5:43  Overlord  
  90  5:46  Overlord  
  90  5:47  Overlord  
  90  5:50  Queen  
  90  5:51  Queen  
  83  5:57  Roach  
  83  6:02  Roach  
  83  6:03  Roach  
  85  6:12  Roach x3  
  76  6:21  Roach  
  76  6:23  Zergling x2  
  68  6:30  Roach, Zergling x4  
  72  6:33  Roach  
  72  6:37  Roach  
  72  6:42  Roach x2  
  72  6:46  Zergling x2  
  72  6:47  Zergling x2  
  76  6:49  Ravager  
  76  6:50  Ravager  
  76  6:53  Zergling x2  
  79  6:56  Zergling x2  
  79  6:58  Zergling x2  
  81  7:02  Zergling x4  
  81  7:04  Zergling x2  
  81  7:06  Zergling x2  
  85  7:09  Zergling x2  
  85  7:13  Zergling x4  
  86  7:15  Zergling x2  
  86  7:18  Zergling x2  
  82  7:23  Zergling x4  
  82  7:25  Zergling x2  
  82  7:27  Ravager  
  82  7:28  Zergling x2  
  84  7:30  Zergling x2  
  84  7:33  Zergling x2  
  84  7:35  Ravager  
  84  7:36  Zergling x2  
  80  7:41  Zergling x4  
  74  7:45  Zergling x4  
  75  8:04  Ravager  
  75  8:05  Ravager  
Tags
 
Add a new tag
Caveats
  • Supply blocks, unpowered buildings, or Contaminate may cause inaccurate times.
  • Supply counts are checked every 10 seconds.